 Dungeon Crawl Stone Soup version 0.29-a0-121-g8efb068a30 (webtiles) character file.

Game seed: 16294289639987925684

304 Gargoyl the Skirmisher (level 6, -1/39 HPs)
             Began as a Gargoyle Abyssal Knight on Feb 20, 2022.
             Was a Believer of Lugonu.
             Slain by an ogre (11 damage)
             ... on level 4 of the Dungeon.
             The game lasted 00:03:12 (3115 turns).

Gargoyl the Skirmisher (Gargoyle Abyssal Knight)    Turns: 3115, Time: 00:03:13

Health: -1/39      AC: 16    Str: 19    XL:     6   Next: 38%
Magic:  7/7        EV:  6    Int: 10    God:    Lugonu [**....]
Gold:   192        SH:  0    Dex: 10    Spells: 5/5 levels left

rFire   . . .      SeeInvis .   a - +2 hand axe
rCold   . . .      Faith    .   (no shield)
rNeg    + . .      Spirit   .   k - +0 plate armour
rPois   ∞          Reflect  .   (no helmet)
rElec   +          Harm     .   (no cloak)
rCorr   .          Rampage  .   (no gloves)
Will    .....                   (no boots)
Stlth   ..........              (no amulet)
HPRegen 0.13/turn               (no ring)
MPRegen 0.10/turn               (no ring)

@: no status effects
A: sickness immunity, AC +4, negative energy resistance 1, electricity
resistance, torment resistance 1, petrification resistance
a: Renounce Religion, Depart the Abyss, Bend Space


You were on level 4 of the Dungeon.
You worshipped Lugonu.
Lugonu was pleased with you.
You visited 1 branch of the dungeon, and saw 4 of its levels.
You visited the Abyss 1 time.

You collected 192 gold pieces.

Inventory:

Hand Weapons
 a - a +2 hand axe (weapon)
Armour
 k - a +0 plate armour (worn)
Scrolls
 c - 3 scrolls of teleportation
Potions
 d - a potion of curing
 f - a potion of haste {unknown}
 g - a potion of mutation {unknown}
 h - 4 potions of might {unknown}
 i - a potion of brilliance {unknown}
 j - 2 potions of magic {unknown}


   Skills:
 + Level 4.5 Fighting
 + Level 3.8 Axes
 + Level 3.8 Armour
 + Level 2.1 Dodging
 + Level 1.0 Stealth
 + Level 2.0 Invocations


You had 5 spell levels left.
You didn't know any spells.
Your spell library contained the following spells:

 Spells                   Type           Power      Damage    Failure   Level
 Ensorcelled Hibernation  Hex/Ice        0%         N/A       100%        2
 Passwall                 Tmut/Erth      0%         N/A       100%        2
 Swiftness                Air            0%         N/A       100%        3


Dungeon Overview and Level Annotations

Branches:
Dungeon (4/15)
 Temple: D:4-7

Altars:


Innate Abilities, Weirdness & Mutations

You are immune to sickness and miasma.
Your stone body is resilient. (AC +4)
You are immune to poison.
You resist negative energy. (rN+)
You are resistant to electric shocks. (rElec)
You are resistant to unholy torment.
You are immune to petrification.


Message History

You see here an adder corpse.
Unknown command.
A goblin comes into view. It is wielding a +0 dagger.
The goblin shouts!
The goblin moves out of view.
A goblin is nearby!
A goblin is nearby!
A goblin is nearby!
The goblin hits you but does no damage.
Unknown command.
You slash the goblin!
You kill the goblin!
Lugonu accepts your kill.
Things that are here:
a +0 dagger; a goblin corpse Unknown command.
An ogre comes into view. It is wielding a +0 giant club.
The ogre shouts!
An ogre is nearby!
An ogre is nearby!
You hit the ogre.
The ogre is lightly wounded.
The ogre barely misses you.
You hit the ogre.
The ogre is moderately wounded.
The ogre hits you with a +0 giant club!
You barely miss the ogre.
The ogre is moderately wounded.
The ogre hits you with a +0 giant club!
You feel much better. The ogre hits you with a +0 giant club!
You hit the ogre.
The ogre is heavily wounded.
You hit the ogre.
The ogre is heavily wounded.
The ogre hits you with a +0 giant club!
* * * LOW HITPOINT WARNING * * *
You slash the ogre!
The ogre is almost dead.
The ogre hits you with a +0 giant club!
You die...

#...# ...# ....
##..# .... #..#
#.O# #### #.@#
###..# #..#
#....# #..#
#....#
#..###....#
#.........######
##.#####........
#.#####..######
... #.....)..#
....
#........#####


You could see an ogre.

Vanquished Creatures
  A black bear (D:4)
  A bullfrog zombie (D:3)
  2 hounds
  2 hound skeletons (D:4)
  5 adders
  3 dart slugs
  An orc (D:2)
  2 ball pythons
  3 bats
  7 endoplasms
  3 giant cockroaches
  7 goblins
  5 hobgoblins
  2 jackals (D:3)
  3 frilled lizards
  5 kobolds
52 creatures vanquished.

Notes
Turn   | Place    | Note
-------+----------+-------------------------------------------
     0 | Abyss:1  | Gargoyl the Gargoyle Abyssal Knight began the quest for the
                  | Orb.
     0 | Abyss:1  | Reached XP level 1. HP: 14/14 MP: 2/2
    23 | D:1      | Escaped the Abyss
   236 | D:1      | Reached * piety under Lugonu
   241 | D:1      | Reached XP level 2. HP: 18/19 MP: 3/3
   770 | D:1      | Found a faded altar of an unknown god.
  1029 | D:1      | Reached skill level 1 in Dodging
  1141 | D:2      | Reached XP level 3. HP: 24/24 MP: 4/4
  1903 | D:3      | Reached XP level 4. HP: 29/29 MP: 5/5
  2184 | D:3      | Reached skill level 4 in Fighting
  2184 | D:3      | Reached XP level 5. HP: 29/33 MP: 6/6
  2419 | D:3      | Reached ** piety under Lugonu
  2864 | D:4      | Noticed a black bear
  2882 | D:4      | Killed a black bear
  2883 | D:4      | Reached XP level 6. HP: 37/38 MP: 7/7
  3023 | D:4      | Reached skill level 1 in Stealth
  3115 | D:4      | Slain by an ogre

Illustrated notes

Levels and vault maps discovered:
D:1:      wander_arrival_lonely_grave, layout_loops_ring,
          chequers_ecumenical_altar_simple_redux, minmay_misc_feat_tower
D:2:      layout_loops_ring
D:3:      layout_loops_ring, nicolae_concentric_dashed_squares_wild
D:4:      minmay_chambers_of_twos, layout_basic, uniq_robin

Skill      XL: |  1  2  3  4  5  6 |
---------------+-------------------+-----
Axes           | 2 3 |  3.8
Dodging        | 1 2 |  2.1
Armour         | 3 |  3.8
Fighting       | 4 |  4.5
Stealth        | 1 |  1.0
Invocations    | |  2.0

Action                   |  1- 3 |  4- 6 || total
-------------------------+-------+-------++-------
Melee: Hand axe          |    98 |   116 ||   214
       Punch             |       |     1 ||     1
Invok: Depart the Abyss  |     1 |       ||     1
  Use: Scroll            |     6 |     2 ||     8
       Potion            |       |     2 ||     2
 Stab: Sleeping          |     1 |       ||     1
Armor: Leather armour    |    20 |       ||    20
       Ring mail         |    44 |    52 ||    96
       Plate armour      |       |    13 ||    13
Dodge: Dodged            |    58 |    82 ||   140

Table legend: (Time is in decaauts)
 A = Elapsed time spent in this place.
 B = Non-inter-level travel time spent in this place.
 C = Inter-level travel time spent in this place.
 D = Time resting spent in this place.
 E = Time spent auto-exploring this place.
 F = Levels seen in this place.
 G = Mean time per level.
                   A        B        C        D        E       F      G
               +--------+--------+--------+--------+--------+-----+--------+
         Total |   3147 |   3074 |     73 |      0 |   2485 |   5 |  629.4 |
       Dungeon |   3124 |   3051 |     73 |      0 |   2463 |   4 |  781.0 |
         Abyss |     23 |     23 |      0 |      0 |     22 |   1 |   23.0 |
               +--------+--------+--------+--------+--------+-----+--------+

Top non-repeatable levels by time:
     D:1: 1051 daAuts
     D:3: 993 daAuts
     D:2: 822 daAuts
     D:4: 257 daAuts
 Abyss:1: 23 daAuts
